 Dungeon Crawl Stone Soup version 0.30-a0-859-gf88a04b62d (webtiles) character file.

Game seed: 11894386774076459664

2314 Demosthentine the Trooper (level 9, -10/63 HPs)
             Began as a Demonspawn Gladiator on Mar 6, 2023.
             Was a Follower of Hepliaklqana.
             Mangled by a manticore (20 damage)
             ... on level 6 of the Dungeon.
             The game lasted 00:06:57 (4943 turns).

Demosthentine the Trooper (Demonspawn Gladiator)    Turns: 4943, Time: 00:06:57

Health: -10/63     AC:  3    Str: 24    XL:     9   Next: 18%
Magic:  9/9        EV: 15    Int:  9    God:    Hepliaklqana [*.....]
Gold:   252        SH:  4    Dex: 16    Spells: 8/8 levels left

rFire   . . .      SeeInvis .    a - +1 trident
rCold   . . .      Faith    .    (no shield)
rNeg    . . .      Spirit   .    b - +0 leather armour
rPois   +          Reflect  .    (helmet restricted)
rElec   .          Rampage  .    (no cloak)
rCorr   .                        (no gloves)
Will    .....                    (no boots)
Stlth   +                        (no amulet)
HPRegen 0.30/turn                k - ring of poison resistance
MPRegen 0.11/turn                n - +6 ring of strength

@: brilliant, spiked
A: reduced essence, antennae 1, hooves 1, condensation shield, demonic touch 2
a: Renounce Religion, Recall Ancestor, Ancestor Identity


You were on level 6 of the Dungeon.
You worshipped Hepliaklqana.
Hepliaklqana was aware of your devotion.
You visited 2 branches of the dungeon, and saw 7 of its levels.

You collected 264 gold pieces.
You spent 12 gold pieces at shops.

Inventory:

Hand Weapons
 a - a +1 trident (weapon)
Missiles
 e - a javelin (quivered)
Armour
 b - a +0 leather armour (worn)
Jewellery
 k - a ring of poison resistance (left hand)
 n - a +6 ring of strength (right hand)
Wands
 l - a wand of charming (7)
 o - a wand of digging (6)
Scrolls
 c - 3 scrolls of amnesia
 f - 5 scrolls of blinking
 j - a scroll of identify
 q - a scroll of teleportation
 r - a scroll of magic mapping
 s - a scroll of enchant weapon
Potions
 d - 2 potions of haste
 g - 7 potions of curing
 h - a potion of magic {unknown}
 i - a potion of flight
 m - a potion of mutation
 p - a potion of cancellation
 t - a potion of brilliance
 u - a potion of invisibility {unknown}


   Skills:
 + Level 6.4 Fighting
 + Level 6.2 Polearms
 - Level 1.7 Throwing
 + Level 5.4 Armour
 + Level 6.2 Dodging


You had 8 spell levels left.
You didn't know any spells.
Your spell library contained the following spells:

 Spells                   Type           Power      Damage    Failure   Level
 Magic Dart               Conj           0%         1d3       41%         1
 Call Imp                 Summ           0%         N/A       56%         2
 Mephitic Cloud           Conj/Pois/Air  0%         N/A       80%         3
 Alistair's Intoxication  Tmut/Pois      0%         N/A       100%        5
 Borgnjor's Vile Clutch   Necr/Erth      0%         N/A       100%        5
 Eringya's Noxious Bog    Tmut/Pois      0%         N/A       100%        6


Dungeon Overview and Level Annotations

Branches:
Dungeon (6/15)             Temple (1/1) D:5

Altars:
Ashenzari
Dithmenos
Fedhas
Gozag
Hepliaklqana
Kikubaaqudgha
Makhleb
Nemelex Xobeh
Okawaru
Qazlal
Ru
Sif Muna
Vehumet
Wu Jian
Xom
Yredelemnul

Shops:
D:4 *

Annotations:
D:3 1 runed translucent door


Innate Abilities, Weirdness & Mutations

Your life essence is reduced to manifest your ancestor. (-10% HP)
You have a pair of small antennae on your head.
You have large cloven feet.
A meltable shield of frost defends you. (SH +4)
Your touch may inflict irresistible damage on your foes.


Message History

You barely miss the orc. You kick the orc.
You kill the orc!
Items here: )) [ ††.
Found 5 gold pieces.
You see here a +0 trident.
You now have 252 gold pieces (gained 5).
Hepliaklqana forms a fragment of your life essence into the memory of your ancestor, Sosibius!
You can now recall your ancestor.
You can now remember your ancestor's identity.
A manticore comes into view.
A manticore is nearby!
A manticore is nearby!
A manticore is nearby!
A manticore is nearby!
The manticore flicks its tail.
The volley of spikes hits you.
The barbed spikes become lodged in your body.
The manticore flicks its tail.
The volley of spikes hits you!
The barbed spikes become lodged in your body.
Reach: a) +1 trident
Press: ? - help, Dir - move target, f - manticore
Aim: a manticore (ally target, about 24% to evade your +1 trident)
You reach to attack!
You barely miss the manticore.
Sosibius hits the manticore.
You hit the manticore. Your touch misses the manticore.
The manticore is lightly wounded.
The manticore bites you!! The manticore claws you.
You block the manticore's attack.
You puncture the manticore! Your kick misses the manticore.
Your touch misses the manticore.
The manticore is moderately wounded.
Sosibius hits the manticore.
The manticore bites you!
* * * LOW HITPOINT WARNING * * *
The manticore misses you. The manticore closely misses you.
It was a potion of brilliance.
You feel clever all of a sudden.
Sosibius hits the manticore but does no damage.
The manticore bites you!!
You die...

##. ....# ... #.
....##... #.
#........ #.
#........ #.
#........ ..
+.R...... .. #
##.H...... ..
#.#.@..# #.#.####
#...# #.#.# #.#.#
#######.#.#####
####.............#
#................#
####.#####.......#


You could see the friendly Sosibius the ancestor and a manticore (ally target).

Vanquished Creatures
  Sigmund (D:6)
  6 yaks (D:4)
  A steam dragon (D:4)
  Edmund (D:4)
  Menkaure (D:5)
  An ogre (D:5)
  A centaur (D:6)
  A phantom (D:5)
  The ghost of Juicyj the Conjurer, an amateur DECj (D:3)
  A bullfrog (D:6)
  A scorpion (D:5)
  A howler monkey (D:4)
  2 hounds
  A jelly (D:6)
  An orc priest (D:5)
  An iguana (D:5)
  A sleepcap (D:5)
  3 orc wizards
  14 adders
  A river rat (D:3)
  2 worms
  7 dart slugs
  12 orcs
  8 endoplasms
  3 giant cockroaches
  9 goblins
  4 hobgoblins
  2 jackals (D:1)
  3 kobolds
  3 quokkas
  8 ball pythons
  7 bats
  3 frilled lizards
  4 rats
116 creatures vanquished.

Vanquished Creatures (others)
  An endoplasm (D:4)
  A hobgoblin (D:4)
  A kobold (D:4)
3 creatures vanquished.

Grand Total: 119 creatures vanquished

Notes
Turn   | Place    | Note
-------+----------+-------------------------------------------
     0 | D:1      | Demosthentine the Demonspawn Gladiator began the quest for
                  | the Orb.
     0 | D:1      | Reached XP level 1. HP: 16/16 MP: 1/1
   119 | D:1      | Discovered your monstrous ancestry.
   119 | D:1      | Gained mutation: Your touch may inflict minor irresistible
                  | damage on your foes. [demonic ancestry]
   119 | D:1      | Reached XP level 2. HP: 12/22 MP: 2/2
   285 | D:1      | Reached skill level 1 in Armour
   470 | D:1      | Gained mutation: Your touch may inflict irresistible damage
                  | on your foes. [demonic ancestry]
   470 | D:1      | Reached XP level 3. HP: 28/28 MP: 3/3
   896 | D:2      | Gained mutation: You have large cloven feet. [demonic
                  | ancestry]
   896 | D:2      | Reached XP level 4. HP: 34/34 MP: 4/4
  1271 | D:3      | Found a radiant altar of Vehumet.
  1692 | D:3      | Found a runed translucent door.
  1704 | D:3      | Found a runed translucent door.
  1705 | D:3      | Noticed Juicyj's ghost (amateur DECj)
  1831 | D:3      | Gained mutation: You have a pair of small antennae on your
                  | head. [demonic ancestry]
  1831 | D:3      | Reached XP level 5. HP: 23/41 MP: 5/5
  1834 | D:3      | Killed Juicyj's ghost
  2022 | D:4      | Noticed Edmund
  2044 | D:4      | Killed Edmund
  2045 | D:4      | Reached XP level 6. HP: 39/47 MP: 6/6
  2227 | D:4      | Noticed a steam dragon
  2569 | D:4      | Noticed a yak
  2569 | D:4      | Noticed a yak
  2569 | D:4      | Noticed a yak
  2570 | D:4      | Noticed a yak
  2579 | D:4      | Noticed a yak
  2581 | D:4      | Noticed a yak
  2592 | D:4      | Killed a yak
  2593 | D:4      | Reached XP level 7. HP: 40/54 MP: 7/7
  2602 | D:4      | Killed a yak
  2624 | D:4      | Killed a yak
  2646 | D:4      | Killed a yak
  2647 | D:4      | Reached skill level 5 in Dodging
  2647 | D:4      | Gained mutation: A meltable shield of frost defends you.
                  | (SH +4) [demonic ancestry]
  2647 | D:4      | Reached XP level 8. HP: 31/61 MP: 8/8
  2681 | D:4      | Reached skill level 5 in Fighting
  2681 | D:4      | Reached skill level 5 in Polearms
  3003 | D:4      | Found a shimmering altar of Xom.
  3049 | D:4      | Found Maameema's CLEARANCE SALE!.
  3057 | D:4      | Bought a potion of curing for 12 gold pieces
  3502 | D:5      | Entered Level 5 of the Dungeon
  3503 | D:5      | Found a staircase to the Ecumenical Temple.
  3509 | Temple   | Entered the Ecumenical Temple
  3702 | Temple   | Became a worshipper of Hepliaklqana the Forgotten
  3831 | D:5      | Noticed Menkaure
  3839 | D:5      | Killed Menkaure
  4010 | D:5      | Identified the +1 pair of gloves of Doomed Amelioration
                  | {Slay+2}
  4069 | D:5      | Found an iron altar of Okawaru.
  4223 | D:5      | Reached skill level 5 in Armour
  4230 | D:5      | Found an ornate altar of the Wu Jian Council.
  4230 | D:5      | Found a burning altar of Makhleb.
  4528 | D:6      | Noticed Sigmund
  4536 | D:6      | Reached XP level 9. HP: 68/69 MP: 9/9
  4541 | D:6      | Killed Sigmund
  4565 | D:6      | Found a broken altar of Ashenzari.
  4934 | D:6      | Reached * piety under Hepliaklqana
  4934 | D:6      | Noticed a manticore
  4943 | D:6      | Mangled by a manticore

Illustrated notes

Levels and vault maps discovered:
D:1:      dpeg_arrival_rooms_c, layout_rooms
D:2:      layout_loops_ring, minmay_crystal_water
D:3:      layout_rooms, vehumet_crystals, ebering_ghost_sewer_f
D:4:      minmay_clustersquares, layout_basic, xom_butterflies, minivault_24,
          nicolae_shop_clearance, uniq_edmund
D:5:      layout_rooms, gammafunk_temple_overflow_wave,
          okawaru_ov_weapons_minmay, minmay_temple_entry_trees,
          nicolae_figureground_pulse, uniq_menkaure
D:6:      layout_basic, cheibrodos_ashenzari_chains, uniq_sigmund
Temple:   bh_familiar_temple

Skill      XL: |  1  2  3  4  5  6  7  8 |
---------------+-------------------------+-----
Armour         | 1 2 3 5 |  5.4
Dodging        | 3 4 5 6 |  6.2
Polearms       | 3 4 6 |  6.2
Fighting       | 3 4 6 |  6.4
Throwing       | |  1.7

Action                     |  1- 3 |  4- 6 |  7- 9 || total
---------------------------+-------+-------+-------++-------
  Melee: Trident           |   106 |    90 |   160 ||   356
         Touch             |    12 |    10 |    18 ||    40
         Kick              |       |    10 |    40 ||    50
         Punch             |       |       |     3 ||     3
  Throw: Throwing net      |       |     3 |       ||     3
    Use: Scroll            |     5 |     7 |     4 ||    16
         Potion            |       |     2 |     2 ||     4
   Stab: Sleeping          |     2 |       |       ||     2
         Held in net/web   |       |     3 |       ||     3
 Armour: Leather armour    |    37 |    13 |     7 ||    57
  Dodge: Dodged            |    77 |    43 |    58 ||   178
  Block: Other             |       |       |    12 ||    12

Table legend: (Time is in decaauts)
 A = Elapsed time spent in this place.
 B = Non-inter-level travel time spent in this place.
 C = Inter-level travel time spent in this place.
 D = Time resting spent in this place.
 E = Time spent auto-exploring this place.
 F = Levels seen in this place.
 G = Mean time per level.
                   A        B        C        D        E       F      G
               +--------+--------+--------+--------+--------+-----+--------+
         Total |   4937 |   4786 |    151 |    490 |   3408 |   7 |  705.3 |
       Dungeon |   4726 |   4605 |    121 |    490 |   3250 |   6 |  787.7 |
        Temple |    210 |    180 |     30 |      0 |    158 |   1 |  210.0 |
               +--------+--------+--------+--------+--------+-----+--------+

Top non-repeatable levels by time:
     D:4: 1523 daAuts
     D:5: 792 daAuts
     D:2: 706 daAuts
     D:3: 697 daAuts
     D:1: 568 daAuts
     D:6: 438 daAuts
  Temple: 210 daAuts
